 Dungeon Crawl Stone Soup version 0.17-a0-1674-g2b13139 (webtiles) character file.

221 Econoterrorist the Conjurer (level 5, -1/28 HPs)
             Began as a Deep Elf Conjurer on Aug 19, 2015.
             Slain by Grinder (6 damage)
             ... while paralysed by Grinder
             ... on level 3 of the Dungeon.
             The game lasted 00:11:41 (3853 turns).

Econoterrorist the Conjurer (Deep Elf Conjurer)     Turns: 3853, Time: 00:11:41

Health: -1/28      AC:  4    Str:  5    XL:     5   Next: 65%
Magic:  7/11       EV:  2    Int: 21    God:
Gold:   164        SH:  0    Dex: 15    Spells: 3 memorised, 2 levels left

rFire  . . .     SeeInvis .     v - +1 dagger (venom)
rCold  . . .     Clarity  .     a - +0 robe
rNeg   . . .     SustAt   .     u - +0 buckler
rPois  .         Gourm    .     t - +0 helmet
rElec  .         Spirit   .     k - +0 cloak
rCorr  .         Warding  .     (no gloves)
rMut   .         Stasis   .     (no boots)
MR     .....                    (no amulet)
Stlth  ++........               (no ring)
                                q - -2 ring of evasion (curse)

@: paralysed, not resistant to hostile enchantments, unstealthy
A: no striking features
a: no special abilities


You were on level 3 of the Dungeon.
You were hungry.

You visited 1 branch of the dungeon, and saw 3 of its levels.

You collected 164 gold pieces.

Inventory:

Hand weapons
 m - a +0 blowgun
 v - a +1 dagger of venom (weapon)
Missiles
 r - 5 curare-tipped needles
Armour
 a - a +0 robe (worn)
 k - a +0 cloak (worn)
 t - a +0 helmet (worn)
 u - a +0 buckler (worn)
Jewellery
 q - a cursed -2 ring of evasion (left hand)
Scrolls
 d - 2 scrolls of amnesia
 h - a scroll of magic mapping
 l - 2 scrolls of identify
Potions
 e - 2 potions of curing {unknown}
 g - 2 potions of heal wounds {unknown}
 i - a potion of ambrosia {unknown}
 j - 2 potions of cancellation {unknown}
 n - a potion of mutation {unknown}
 o - 2 potions of agility
 p - a potion of might {unknown}
 s - 2 potions of berserk rage {unknown}
Books
 b - a book of Conjurations

   Spells                             Type                      Level
   a - Magic Dart                     Conjuration                  1
   b - Searing Ray                    Conjuration                  2
   c - Dazzling Spray                 Conjuration/Hexes            3
   d - Fulminant Prism                Conjuration/Hexes            4
   e - Iskenderun's Mystic Blast      Conjuration                  4
   f - Iskenderun's Battlesphere      Conjuration/Charms           5
Comestibles
 c - 4 bread rations


   Skills:
 - Level 2.4 Dodging
 - Level 2.4 Stealth
 - Level 3.0 Spellcasting
 - Level 7.0 Conjurations
 + Level 3.8 Charms


You had 2 spell levels left.
You knew the following spells:

 Your Spells              Type           Power        Failure   Level  Hunger
a - Magic Dart            Conj           ####         1%          1    None
b - Searing Ray           Conj           ####..       1%          2    ##.....
c - Iskenderun's Battles  Conj/Chrm      ####....     73%         5    ######.


Dungeon Overview and Level Annotations

Branches:
Dungeon (3/15)

Altars:
Fedhas

Annotations:
D:3 Grinder


Message History

The magic dart hits the goblin.
The goblin is severely wounded.
Casting: Magic Dart
Confirm with . or Enter, or press ? or * to list all spells.
Aiming: Magic Dart
Press: ? - help, Shift-Dir - straight line, f/p - goblin
Aim: a goblin (severely wounded)
The magic dart hits the goblin.
You kill the goblin!
A kobold comes into view.
Grinder gestures at you.
You suddenly lose the ability to move!
Found a dagger.
The kobold shouts!
Grinder hits you!
You writhe in agony.
You writhe in agony.
Grinder hits you.
You writhe in agony.
Grinder hits you!
* * * LOW HITPOINT WARNING * * *
You writhe in agony.
You die...

#....#..# ..
#.####.#.>#
... #.#
#(#### .).#
#.# #.#
...[.
#.####.#
..K##.#....#
#.)..#.####
#..5.#.#
#@#.# #.#.#
#...# #####


You could see Grinder and a kobold.

Vanquished Creatures
  Crazy Yiuf (D:3)
  Ijyb (D:3)
  A centaur skeleton (D:3)
  Robin (D:3)
  6 adders
  A worm (D:2)
  2 giant geckos
  An orc (D:3)
  4 giant cockroaches
  16 goblins
  7 hobgoblins
  6 bats
  5 giant newts
  9 jackals
  7 kobolds
  3 rats
71 creatures vanquished.

Notes
Turn   | Place    | Note
--------------------------------------------------------------
     0 | D:1      | Econoterrorist the Deep Elf Conjurer began the quest for the Orb.
     0 | D:1      | Reached XP level 1. HP: 10/10 MP: 6/6
   483 | D:1      | Reached XP level 2. HP: 13/15 MP: 1/8
   571 | D:1      | Reached skill level 5 in Conjurations
  1109 | D:2      | Reached XP level 3. HP: 19/19 MP: 4/9
  1113 | D:2      | Learned a level 2 spell: Searing Ray
  1833 | D:2      | Reached skill level 6 in Conjurations
  1951 | D:2      | Reached XP level 4. HP: 24/24 MP: 5/10
  2340 | D:3      | Noticed Crazy Yiuf
  2348 | D:3      | HP: 1/24 [Crazy Yiuf/quarterstaff of chaos (3)]
  2349 | D:3      | Killed Crazy Yiuf
  3280 | D:3      | Found a blossoming altar of Fedhas.
  3285 | D:3      | Noticed Robin
  3300 | D:3      | Killed Robin
  3300 | D:3      | Reached skill level 7 in Conjurations
  3300 | D:3      | Reached XP level 5. HP: 28/28 MP: 1/11
  3307 | D:3      | Learned a level 5 spell: Iskenderun's Battlesphere
  3402 | D:3      | Reached skill level 1 in Charms
  3454 | D:3      | Noticed Ijyb
  3518 | D:3      | Killed Ijyb
  3845 | D:3      | Noticed Grinder
  3849 | D:3      | Paralysed by Grinder for 6 turns
  3853 | D:3      | Slain by Grinder

Vault maps used:
D:1:      dpeg_arrival_boxorama
D:2:      corexii_item_surrounded_by_moat
D:3:      nicolae_overflow_crystal_walls, uniq_robin, uniq_iyjb,
          uniq_crazy_yiuf_cottage, uniq_grinder

Action                   |  1- 3 |  4- 6 || total
-------------------------+-------+-------++-------
Melee: Unarmed           |     3 |       ||     3
       Short sword       |    25 |       ||    25
       Rapier            |     3 |       ||     3
       Quarterstaff      |       |     4 ||     4
       Dagger            |       |    24 ||    24
 Cast: Magic Dart        |    51 |    53 ||   104
       Searing Ray       |     4 |     6 ||    10
  Use: Scroll            |       |     4 ||     4
 Stab: Sleeping          |     1 |       ||     1
  Eat: Chunk             |     3 |     4 ||     7
       Beef jerky        |       |     1 ||     1
